 Dungeon Crawl Stone Soup version 0.26.1-10-gdfb7c7de75 (webtiles) character file.

Game seed: 17895521914432797894

2634949 nightchill the Middleweight Champion (level 27, 258/264 HPs)
             Began as a Ghoul Fighter on Mar 29, 2021.
             Was an Initiate of Gozag.
             Escaped with the Orb
             ... and 5 runes on Apr 2, 2021!
             The game lasted 04:10:31 (93606 turns).

nightchill the Middleweight Champion (GhFi)        Turns: 93606, Time: 04:10:31

Health: 258/264    AC: 30    Str: 34    XL:     27
Magic:  22/22      EV: 12    Int: 12    God:    Gozag
Gold:   1723       SH: 32    Dex:  8    Spells: 26/26 levels left

rFire    + + .     SeeInvis .     - Unarmed
rCold    + + .     Faith    .   N - +7 tower shield
rNeg     + + +     Spirit   .   v - +8 plate armour of Zolas {-Cast rPois Int+8}
rPois    ∞         Reflect  .   z - +2 hat {Will+}
rElec    +         Harm     .   T - scarf {rC+ rF+}
rCorr    .         Rampage  .   (no gloves)
Will     ++++.     NoCast   +   g - +2 pair of boots
Stlth    ..........             X - amulet of the acrobat
HPRegen  0.54/turn              q - ring of willpower
MPRegen  0.18/turn              n - ring "Wiskoga" {rElec rPois rF+ Str+2}

@: no status effects
A: claws 1, cold resistance 1, negative energy resistance 3, inhibited
regeneration, torment resistance, unbreathing
0: Orb of Zot
}: 5/15 runes: decaying, serpentine, slimy, silver, abyssal
a: Renounce Religion, Potion Petition, Call Merchant, Bribe Branch


You escaped.
You worshipped Gozag.
Gozag was most pleased with you.
You visited 10 branches of the dungeon, and saw 53 of its levels.
You visited the Abyss 3 times.
You also visited: Ice Cave.

You collected 36517 gold pieces.
You spent 5789 gold pieces at shops.
You paid 29005 gold pieces to Gozag.

Inventory:

Missiles
 b - 15 curare-tipped darts
 w - 42 atropa-tipped darts
 C - 3 throwing nets (quivered)
 L - 21 silver javelins
Armour
 g - a +2 pair of boots (worn)
 v - the +8 plate armour of Zolas (worn) {-Cast rPois Int+8}
   (You found it on level 13 of the Dungeon)

   It affects your intelligence (+8).
   It protects you from poison.
   It prevents spellcasting.
 z - a +2 hat of willpower (worn)
 B - a +2 cloak of willpower
 N - a +7 tower shield (worn)
 T - a scarf of resistance (worn)
Jewellery
 n - the ring "Wiskoga" (right claw) {rElec rPois rF+ Str+2}
   (You bought it in a shop on level 2 of the Orcish Mines)

   [ring of protection from fire]

   It affects your strength (+2).
   It protects you from fire.
   It insulates you from electricity.
   It protects you from poison.
 q - a ring of willpower (left claw)
 r - the ring of the Scarab {rC+ Dex+4 SInv}
   (You found it on level 5 of the Vaults)

   [ring of protection from cold]

   It affects your dexterity (+4).
   It protects you from cold.
   It lets you see invisible.
 M - the cursed necklace of Bloodlust {*Rage +Rage Will++ Int-3 Slay+6 *Curse}
   (You found it on level 5 of the Pits of Slime)

   [amulet of nothing]

   It affects your intelligence (-3).
   It affects your accuracy and damage with ranged weapons and melee attacks
   (+6).
   It affects your willpower, your defense against some magical effects.
   It lets you go berserk.
   It may make you go berserk in combat.
   It curses itself when equipped.
   It has a curse placed upon it.
 O - an uncursed ring of resist corrosion
 X - an amulet of the acrobat (around neck)
Wands
 c - a wand of acid (26)
 t - a wand of disintegration (59)
 E - a wand of paralysis (56)
 J - a wand of digging (21)
 K - a wand of iceblast (63)
 U - a wand of enslavement (6)
 Z - a wand of polymorph (15)
Scrolls
 a - 6 scrolls of identify
 f - 20 scrolls of teleportation
 h - 6 scrolls of blinking
 i - 9 scrolls of immolation
 j - 13 scrolls of fear
 m - a scroll of silence
 s - 10 scrolls of magic mapping
 x - 6 scrolls of fog
 y - 24 scrolls of remove curse
 H - 3 scrolls of summoning
 Q - 4 scrolls of vulnerability
Potions
 e - 5 potions of cancellation
 k - 21 potions of curing
 o - 10 potions of flight
 p - 7 potions of haste
 A - 3 potions of magic
 D - 2 potions of resistance
 F - 17 potions of heal wounds
 G - 22 potions of ambrosia
 P - 4 potions of invisibility
 S - a potion of brilliance
 W - 5 potions of might
Miscellaneous
 d - a condenser vane
 l - a phial of floods
 u - a tin of tremorstones (2/2)
 I - a phantom mirror
 R - a box of beasts
 Y - a lightning rod (4/4)


   Skills:
 + Level 24.9 Fighting
 - Level 15.0 Armour
 - Level 10.0 Dodging
 + Level 21.3 Shields
 O Level 27 Unarmed Combat
 + Level 18.9 Evocations


You had 26 spell levels left.
You didn't know any spells.
Your spell library contained the following spells:

 Spells                   Type           Power        Failure   Level
 Animate Skeleton         Necr           0%           94%         1
 Apportation              Tloc           0%           94%         1
 Corona                   Hex            0%           94%         1
 Foxfire                  Conj/Fire      0%           94%         1
 Magic Dart               Conj           0%           94%         1
 Pain                     Necr           0%           94%         1
 Sandblast                Erth           0%           94%         1
 Shock                    Conj/Air       0%           94%         1
 Summon Small Mammal      Summ           0%           94%         1
 Blink                    Tloc           N/A          98%         2
 Call Imp                 Summ           0%           98%         2
 Corpse Rot               Necr/Air       N/A          98%         2
 Poisonous Vapours        Pois/Air       0%           98%         2
 Searing Ray              Conj           0%           98%         2
 Slow                     Hex            0%           98%         2
 Swiftness                Air            0%           98%         2
 Confusing Touch          Hex            0%           100%        3
 Conjure Flame            Conj/Fire      0%           100%        3
 Dazzling Flash           Conj/Hex       0%           100%        3
 Gell's Gravitas          Tloc           0%           100%        3
 Ignite Poison            Fire/Tmut/Pois 0%           100%        3
 Inner Flame              Hex/Fire       0%           100%        3
 Lesser Beckoning         Tloc           0%           100%        3
 Mephitic Cloud           Conj/Pois/Air  0%           100%        3
 Static Discharge         Conj/Air       0%           100%        3
 Stone Arrow              Conj/Erth      0%           100%        3
 Teleport Other           Tloc           0%           100%        3
 Tukima's Dance           Hex            0%           100%        3
 Vampiric Draining        Necr           0%           100%        3
 Airstrike                Air            0%           100%        4
 Animate Dead             Necr           0%           100%        4
 Cause Fear               Hex            0%           100%        4
 Dispel Undead            Necr           0%           100%        4
 Fulminant Prism          Conj/Hex       0%           100%        4
 Iskenderun's Mystic Bla  Conj/Tloc      0%           100%        4
 Leda's Liquefaction      Hex/Erth       0%           100%        4
 Olgreb's Toxic Radiance  Pois           0%           100%        4
 Passage of Golubria      Tloc           N/A          100%        4
 Petrify                  Tmut/Erth      0%           100%        4
 Sticky Flame             Conj/Fire      0%           100%        4
 Summon Lightning Spire   Summ/Air       0%           100%        4
 Agony                    Necr           0%           100%        5
 Alistair's Intoxication  Tmut/Pois      0%           100%        5
 Bolt of Magma            Conj/Fire/Erth 0%           100%        5
 Borgnjor's Vile Clutch   Necr/Erth      0%           100%        5
 Excruciating Wounds      Necr           0%           100%        5
 Fireball                 Conj/Fire      0%           100%        5
 Irradiate                Conj/Tmut      0%           100%        5
 Iskenderun's Battlesphe  Conj           0%           100%        5
 Lightning Bolt           Conj/Air       0%           100%        5
 Metabolic Englaciation   Hex/Ice        0%           100%        5
 Silence                  Hex/Air        0%           100%        5
 Summon Demon             Summ           0%           100%        5
 Summon Forest            Summ/Tloc      0%           100%        5
 Summon Mana Viper        Hex/Summ       0%           100%        5
 Yara's Violent Unravell  Hex/Tmut       0%           100%        5
 Conjure Ball Lightning   Conj/Air       0%           100%        6
 Eringya's Noxious Bog    Tmut/Pois      0%           100%        6
 Freezing Cloud           Conj/Ice/Air   0%           100%        6
 Invisibility             Hex            0%           100%        6
 Iron Shot                Conj/Erth      0%           100%        6
 Ozocubu's Refrigeration  Ice            0%           100%        6
 Shadow Creatures         Summ           N/A          100%        6
 Simulacrum               Ice/Necr       0%           100%        6
 Starburst                Conj/Fire      0%           100%        6
 Orb of Destruction       Conj           0%           100%        7
 Spellforged Servitor     Conj/Summ      0%           100%        7
 Summon Hydra             Summ           0%           100%        7
 Chain Lightning          Conj/Air       0%           100%        8
 Discord                  Hex            0%           100%        8
 Ignition                 Fire           0%           100%        8
 Lehudib's Crystal Spear  Conj/Erth      0%           100%        8
 Absolute Zero            Ice            0%           100%        9
 Fire Storm               Conj/Fire      0%           100%        9
 Tornado                  Air            0%           100%        9
 Beastly Appendage        Tmut           Unusable     N/A         1
 Sublimation of Blood     Necr           Unusable     N/A         2
 Wereblood                Tmut           Unusable     N/A         2
 Spider Form              Tmut/Pois      Unusable     N/A         3
 Ice Form                 Ice/Tmut       Unusable     N/A         4
 Blade Hands              Tmut           Unusable     N/A         5
 Hydra Form               Tmut           Unusable     N/A         6
 Statue Form              Tmut/Erth      Unusable     N/A         6
 Dragon Form              Tmut           Unusable     N/A         7

Dungeon Overview and Level Annotations

Branches:
Dungeon (15/15)            Temple (0/1) D:4            Lair (6/6) D:11
  Swamp (4/4) Lair:3        Snake (4/4) Lair:4        Slime (5/5) Lair:6
    Orc (2/2) D:12            Elf (2/3) Orc:2        Vaults (5/5) D:13
  Crypt (0/3) Vaults:3     Depths (5/5) D:15            Zot (5/5) Depths:5
  IceCv (visited)

Altars:
Ashenzari
Elyvilon
Fedhas
Gozag
Hepliaklqana
Kikubaaqudgha
Makhleb
Okawaru
Qazlal
Ru
Sif Muna
Vehumet
Xom
Yredelemnul
The Shining One
Beogh

Shops:
Orc:1 (   Orc:2 }[[=*(   Elf:1 (![   Elf:2 [   Snake:3 !=   Vaults:1 (
Vaults:3 }!*?   Vaults:4 [   Vaults:5 *   Depths:2 [[![

Portals:
Hell: Depths:1 Depths:2 Depths:3 Depths:4 Depths:5
Abyss: D:4 Depths:4
Pandemonium: Depths:3 Depths:5
Ziggurat: Depths:1
Trove: D:10 (give 10 potions of heal wounds)

Annotations:
D:2 exclusion: 2 upstairs
D:3 3 runed translucent doors, Galthrax's ghost, amateur BaFi
D:4 exclusion: upstairs
D:7 5 exclusions
D:9 exclusion: upstairs
D:10 exclusion: downstairs
D:11 5 exclusions
Lair:2 exclusion: downstairs
Lair:5 exclusions: downstairs and oklob plant
Swamp:3 exclusion: downstairs
Slime:5 1 exclusion
Elf:2 3 runed translucent doors
Vaults:5 !eeee, 1 exclusion
Depths:1 3 exclusions
Depths:2 exclusions: downstairs and 2 upstairs
Depths:3 1 exclusion
Depths:4 exclusions: 2 doors and 1 more exclusion
Zot:2 1 runed translucent door, exclusions: upstairs and 8 more exclusions, Alunk's ghost, legendary GnFi
Zot:3 2 transporters
Zot:4 exclusion: upstairs
Zot:5 exclusion: 2 upstairs


Innate Abilities, Weirdness & Mutations

You thrive by killing the living.
You are immune to poison.
You have sharp fingernails.
Your flesh is cold resistant. (rC+)
You are immune to negative energy. (rN+++)
You do not regenerate when monsters are visible.
You are immune to unholy pain and torment.
You can survive without breathing.


Message History

You kill the hellion!
You now have 1717 gold pieces (gained 8).
A rust devil comes into view.
You scratch the rust devil but do no damage.
You closely miss the rust devil. You block the rust devil's attack.
You eviscerate the rust devil!!!
The rust devil is almost dead.
You eviscerate the rust devil!!!
You kill the rust devil!
You now have 1723 gold pieces (gained 6).
A blizzard demon comes into view.
The blizzard demon waves its arms in wide circles.
The air twists around and strikes you! The blizzard demon gestures at you.
An eye of draining comes into view.
There is a stone staircase leading up here.
You climb upwards.
There is a stone staircase leading down here.
There is a staircase leading out of the dungeon here.
You have escaped!

##.# #.# #.# ##.# #.# #####.#
...# ##.## #.....#
.######...####.#####
.###...........###########
..........##.............#
....>....####..#########.#
.###.#.######..### #.#
.##.....#.......@# #.#
.##...#'####.#>..##### #.#
......#....####).....# #.#
.............#######.# #.#
........#......##..#.# #.#
.##.#.####.......#.#.###.#
.#.##..#####.....#....##.#
..####...#####>#.#.....#(########
.#.###.....#####..#........[....#


There were no monsters in sight!

Vanquished Creatures
  the Royal Jelly (Slime:5)
  Tiamat (Zot:1)
  3 orbs of fire
  Mara (Snake:3)
  3 ancient liches
  A royal mummy (Depths:3)
  Bai Suzhen (Swamp:2)
  5 Killer Klowns
  Xtahua (Depths:2)
  Vashnia (Snake:4)
  Saint Roka (Depths:5)
  12 golden dragons
  A caustic shrike (Depths:2)
  Nikola (Depths:3)
  2 bone dragons (Abyss:2)
  6 electric golems
  Jorgrun (D:14)
  4 liches
  11 tentacled monstrosities
  18 Orb Guardians
  An Ice Fiend (IceCv)
  4 quicksilver dragons
  5 titans (Vaults:5)
  25 acid blobs
  4 death cobs
  Frances (Lair:3)
  6 sphinxes
  Kirke (Snake:1)
  4 tentacled starspawn
  A thorn hunter (Swamp:3)
  12 draconian monks
  16 storm dragons
  Gastronok (D:8)
  Agnes (Snake:2)
  Donald (Snake:4)
  9 tengu reavers
  8 shadow dragons
  A fenstrider witch (Swamp:1)
  6 draconian knights
  12 nagarajas
  7 azure jellies
  Aizul (Swamp:1)
  11 fire giants
  A balrug (Depths:5)
  6 frost giants
  3 orc warlords
  9 vault wardens
  4 draconian scorchers
  3 iron dragons
  9 draconian shifters
  2 deep elf sorcerers
  3 draconian stormcallers
  An angel (Abyss:2)
  A spriggan defender (Depths:4)
  A cacodemon (Abyss:3)
  11 draconian annihilators
  15 ironheart preservers
  28 very ugly things
  A war gargoyle (Vaults:5)
  27 stone giants
  25 green draconians
  A juggernaut skeleton (Depths:2)
  13 black draconians
  2 vampire knights
  5 deep elf demonologists
  3 bunyips
  A lorocyproca (Abyss:3)
  11 red draconians
  A spark wasp (shapeshifter) (Depths:4)
  20 white draconians
  5 spark wasps
  12 yellow draconians
  5 purple draconians
  A deep elf annihilator (Vaults:4)
  9 ettins
  5 eleionomae
  2 green deaths (Swamp:4)
  8 death oozes
  2 merfolk javelineers
  Josephine (D:14)
  A blizzard demon (Zot:5)
  A deep elf death mage (Vaults:5)
  11 fire dragons
  2 jiangshi (Depths:4)
  A crystal guardian (D:11)
  A merfolk impaler (Depths:2)
  18 ogre magi
  25 yaktaur captains
  17 great orbs of eyes
  5 rakshasas
  A deep elf high priest (Vaults:5)
  32 vault guards
  4 ice dragons
  15 naga warriors
  18 hydras
  3 catoblepae (Lair:6)
  A juggernaut simulacrum (Depths:1)
  3 spriggan air magi
  2 ghost crabs (Swamp:3)
  Harold (Lair:1)
  14 centaur warriors
  8 alligators
  15 anacondas
  37 two-headed ogres
  10 boulder beetles
  A death knight (Vaults:5)
  4 thrashing horrors
  2 tengu warriors
  A queen ant (Lair:3)
  5 deep troll earth magi
  2 vampire magi
  6 death yaks (Lair:6)
  8 deep troll shamans
  4 orc high priests
  14 naga sharpshooters
  2 shock serpents
  A storm dragon zombie (Depths:3)
  2 spriggan berserkers (Depths:5)
  2 sun demons (Depths:5)
  3 wretched stars (Abyss:3)
  A sixfirhy (Abyss:3)
  2 spark wasp zombies
  2 salamander mystics
  5 deep elf knights
  3 iron trolls
  3 death drakes (Depths:5)
  8 sea snakes (Snake:4)
  A shadow wraith (Vaults:1)
  An unseen horror (shapeshifter) (Depths:2)
  2 unseen horrors
  A hell knight (D:11)
  12 skeletal warriors
  5 goliath frogs
  5 spriggan druids
  2 spatial maelstroms
  4 glowing orange brains
  A golden dragon zombie (Depths:3)
  13 deep trolls
  A quicksilver dragon simulacrum (Abyss:3)
  6 bog bodies
  9 swamp dragons
  8 starcursed masses
  Pikel (D:8)
  An orange crystal statue (Depths:5)
  2 phantasmal warriors
  12 deep elf archers
  3 naga ritualists
  5 necromancers
  14 ironbrand convokers
  7 lindwurms
  3 tengu zombies (Depths:3)
  19 orc knights
  2 oklob plants (D:13)
  6 wizards
  4 shining eyes
  2 sphinx zombies (Depths:3)
  5 wolf spiders
  55 deep elf magi
  A shadow dragon zombie (Depths:3)
  11 mana vipers
  60 ugly things
  2 draconians (Abyss:3)
  8 orc sorcerers
  7 cyclopes
  6 large abominations
  7 manticores
  A moth of wrath (shapeshifter) (Depths:2)
  3 will-o-the-wisps
  A shadow dragon skeleton (Vaults:4)
  15 elephants
  14 salamanders
  3 frost giant skeletons
  3 worldbinders
  An ice statue (IceCv)
  3 rust devils
  Maurice (D:8)
  A salamander (shapeshifter) (Depths:2)
  23 naga magi
  2 fire giant skeletons
  28 moths of wrath
  44 black mambas
  A guardian serpent (shapeshifter) (Vaults:5)
  14 vault sentinels
  2 eyes of devastation
  Joseph (Lair:1)
  2 gargoyles (D:14)
  2 cane toads (shapeshifter)
  A storm dragon simulacrum (Depths:2)
  A hellion (D:2)
  14 guardian serpents
  An orange demon (Swamp:4)
  15 cane toads
  A rime drake (shapeshifter) (Vaults:4)
  2 elf zombies (Depths:3)
  A spriggan zombie (Depths:1)
  A yaktaur (shapeshifter) (Depths:4)
  67 yaktaurs
  Maggie (D:9)
  An efreet (Abyss:3)
  The ghost of MalarOregon the Slasher, a novice HaWr (D:4)
  2 rime drakes
  7 ice devils
  4 spectral swamp worms (Depths:3)
  11 komodo dragons
  2 komodo dragons (shapeshifter)
  10 freezing wraiths
  5 guardian mummies
  An ancient zyme (Abyss:3)
  3 anaconda simulacra (IceCv)
  2 tengu conjurers
  3 meliai (D:13)
  A queen bee (shapeshifter) (Vaults:3)
  13 trolls
  A polar bear (Lair:6)
  2 queen bees
  A jumping spider (shapeshifter) (Vaults:2)
  A wind drake (shapeshifter) (Vaults:3)
  A wind drake (Depths:5)
  11 hornets
  A blink frog (shapeshifter) (Depths:5)
  6 tyrant leeches
  70 slime creatures
  A harpy zombie (D:14)
  A slime creature (shapeshifter) (Vaults:4)
  A sphinx simulacrum (Depths:1)
  A fire dragon zombie (Depths:1)
  5 raiju
  31 dream sheep
  22 blink frogs
  A raiju (shapeshifter) (Vaults:3)
  7 small abominations
  2 centaur simulacra
  A human simulacrum (Vaults:2)
  An ice dragon skeleton (Abyss:3)
  A deep troll skeleton (Depths:1)
  42 yaks
  2 vampires
  11 spriggans
  4 air elementals
  8 wraiths
  7 shadows
  A ynoxinul (Abyss:3)
  4 wyverns
  2 hogs (shapeshifter) (D:14)
  7 water elementals
  4 fire elementals
  A basilisk (shapeshifter) (D:14)
  3 fire bats (Depths:1)
  A golden eye (shapeshifter) (Vaults:5)
  9 basilisks
  5 golden eyes
  3 hogs (Snake:1)
  18 vampire mosquitoes
  A chaos spawn (Abyss:2)
  A neqoxec (Abyss:2)
  A death yak simulacrum (IceCv)
  Menkaure (D:5)
  5 harpy simulacra (IceCv)
  An iron troll simulacrum (IceCv)
  7 wargs
  74 nagas
  6 soldier ants (Lair:3)
  5 hydra simulacra (IceCv)
  18 swamp worms
  8 acid dragons
  A soldier ant (shapeshifter) (Vaults:2)
  20 water moccasins
  A hell hound (Abyss:3)
  2 floating eyes
  An ogre skeleton (Vaults:1)
  6 swamp drakes
  2 ettin simulacra
  An eye of draining (shapeshifter) (Depths:3)
  4 phantoms
  Duvessa (D:4)
  6 necrophages
  8 ice beasts
  68 orc warriors
  4 sky beasts
  2 human zombies (Vaults:1)
  8 eyes of draining
  An alligator simulacrum (IceCv)
  50 ogres
  9 wolves
  An ogre (shapeshifter) (Depths:1)
  5 boggarts
  28 centaurs
  2 human skeletons
  5 big kobolds
  29 bullfrogs
  2 big kobolds (shapeshifter)
  3 earth elementals
  2 wyvern zombies
  A deep troll simulacrum (Vaults:3)
  Dowan (D:4)
  9 scorpions
  A scorpion (shapeshifter) (Vaults:4)
  A wyvern skeleton (D:11)
  70 killer bees
  An elephant simulacrum (IceCv)
  14 wights
  2 howler monkeys (D:10)
  2 crimson imps
  2 bullfrog zombies
  8 centaur zombies
  2 draconian simulacra (IceCv)
  9 hounds
  2 quasits
  4 jellies
  5 centaur skeletons
  35 orc wizards
  36 orc priests
  3 bullfrog skeletons
  2 iron imps (D:4)
  4 iguanas
  18 worker ants
  2 polar bear simulacra (IceCv)
  5 troll simulacra (IceCv)
  A hound zombie (D:5)
  4 hound skeletons
  8 mummies
  2 worker ant zombies
  A howler monkey zombie (D:11)
  8 adders
  A naga simulacrum (IceCv)
  4 shadow imps
  12 white imps
  9 ufetubi
  2 adder skeletons (D:5)
  An adder zombie (D:8)
  2 worms
  2 dart slugs
  4 leopard geckos
  133 orcs
  6 giant cockroaches
  A goblin (D:2)
  4 hobgoblins
  10 jackals
  4 quokkas
  2 ball pythons
  3 bats
  4 frilled lizards
  A giant cockroach zombie (D:5)
  2 jackal skeletons (D:4)
  10 kobolds
  A leopard gecko zombie (D:6)
  A quokka skeleton (D:4)
  5 rats
2635 creatures vanquished.

Vanquished Creatures (collateral kills)
  Frederick (Vaults:3)
  An Orb Guardian (Zot:5)
  An orc warlord (Elf:2)
  A dancing weapon (Vaults:5)
  2 orc knights
6 creatures vanquished.

Vanquished Creatures (others)
  2 Killer Klowns (Zot:5)
  An Ice Fiend (Zot:5)
  4 Orb Guardians (Zot:5)
  A storm dragon (Zot:5)
  A ghost moth (Zot:2)
  A draconian knight (Zot:1)
  A black draconian (Zot:5)
  A yellow draconian (Zot:5)
  A hell beast (Swamp:4)
  9 dancing weapons
  A deep elf mage (Elf:1)
  A mana viper (Snake:3)
  A spectral swamp worm (Depths:3)
  A smoke demon (Zot:5)
  A yaktaur (Depths:3)
  2 bloated husks
  A water elemental (Elf:2)
  A spatial vortex (Abyss:3)
  An ogre (Depths:5)
  An orc wizard (Depths:5)
  2 white imps (IceCv)
  2 briar patches (Swamp:4)
  12 foxfires
  25 fungi
  A lurking horror (Abyss:3)
  105 plants
  14 starspawn tentacles
  A withered plant (D:7)
195 creatures vanquished.

Grand Total: 2836 creatures vanquished

Notes
Turn   | Place    | Note
-------+----------+-------------------------------------------
     0 | D:1      | nightchill the Ghoul Fighter began the quest for the Orb.
     0 | D:1      | Reached XP level 1. HP: 19/19 MP: 0/0
   212 | D:1      | Reached XP level 2. HP: 26/26 MP: 1/1
   596 | D:1      | Reached skill level 3 in Unarmed Combat
   788 | D:2      | Reached XP level 3. HP: 28/33 MP: 2/2
  1265 | D:2      | Found a stormy altar of Qazlal.
  1370 | D:2      | Found a shimmering blue altar of Sif Muna.
  1697 | D:3      | Found a runed translucent gate.
  1697 | D:3      | Found a runed translucent gate.
  1699 | D:3      | Found a runed translucent gate.
  1701 | D:3      | Noticed Galthrax's ghost (amateur BaFi)
  1728 | D:3      | Found an opulent altar of Gozag.
  1743 | D:3      | Became a worshipper of Gozag Ym Sagoz the Greedy
  1793 | D:3      | Noticed a bullfrog
  1802 | D:3      | Killed a bullfrog
  1803 | D:3      | Reached skill level 4 in Unarmed Combat
  1803 | D:3      | Reached XP level 4. HP: 25/41 MP: 3/3
  1803 | D:3      | Reached XP level 5. HP: 29/47 MP: 4/4
  2015 | D:3      | Found a radiant altar of Vehumet.
  2501 | D:4      | Found a one-way gate to the infinite horrors of the Abyss.
  2501 | D:4      | Noticed MalarOregon's ghost (novice HaWr)
  2531 | D:4      | Found a transporter.
  2533 | D:4      | Found a transporter.
  2542 | D:4      | Noticed a big kobold
  2586 | D:4      | Found a staircase to the Ecumenical Temple.
  2628 | D:4      | Reached skill level 5 in Unarmed Combat
  2719 | D:4      | Found a broken altar of Ashenzari.
  2756 | D:4      | Noticed Duvessa
  2756 | D:4      | Noticed Dowan
  2771 | D:4      | Killed Duvessa
  2772 | D:4      | Reached skill level 5 in Fighting
  2772 | D:4      | Reached skill level 6 in Unarmed Combat
  2772 | D:4      | Reached XP level 6. HP: 30/56 MP: 5/5
  2777 | D:4      | Killed Dowan
  3470 | D:5      | Entered Level 5 of the Dungeon
  3503 | D:5      | Reached XP level 7. HP: 22/61 MP: 6/6
  3523 | D:5      | Reached skill level 7 in Unarmed Combat
  4018 | D:5      | Noticed Menkaure
  4025 | D:5      | Killed Menkaure
  4160 | D:5      | Reached skill level 8 in Unarmed Combat
  4171 | D:5      | Reached XP level 8. HP: 53/71 MP: 7/7
  4244 | D:5      | Found a blossoming altar of Fedhas.
  5247 | D:6      | Reached skill level 9 in Unarmed Combat
  5290 | D:6      | Got a jewelled ring mail
  5615 | D:6      | Identified the +1 ring mail "Fieruage" {rF- Will+ Dex+6}
                  | (You found it on level 6 of the Dungeon)
  6255 | D:7      | Reached skill level 10 in Unarmed Combat
  6255 | D:7      | Reached XP level 9. HP: 37/79 MP: 8/8
  7122 | D:7      | Found a glowing golden altar of the Shining One.
  7330 | D:7      | Found an iron altar of Okawaru.
  7362 | D:7      | You fall into a shaft and drop 1 floor!
  7692 | D:8      | Reached skill level 11 in Unarmed Combat
  7749 | D:7      | Found a sacrificial altar of Ru.
  7770 | D:7      | Found a white marble altar of Elyvilon.
  7775 | D:7      | Found an ancient bone altar of Kikubaaqudgha.
  7776 | D:7      | Found a hazy altar of Hepliaklqana.
  7827 | D:7      | Found a shimmering altar of Xom.
  7847 | D:7      | Found a burning altar of Makhleb.
  8037 | D:8      | Found a sacrificial altar of Ru.
  8433 | D:8      | Noticed Gastronok
  8475 | D:8      | Killed Gastronok
  8476 | D:8      | Reached skill level 5 in Shields
  8476 | D:8      | Reached skill level 12 in Unarmed Combat
  8476 | D:8      | Reached XP level 10. HP: 61/91 MP: 9/9
  8673 | D:8      | Noticed Maurice
  8708 | D:8      | Paralysed by something for 4 turns
  8734 | D:8      | Killed Maurice
  9005 | D:8      | Found a white marble altar of Elyvilon.
  9310 | D:9      | Noticed a skeletal warrior
  9327 | D:9      | Killed a skeletal warrior
  9366 | D:9      | Noticed a skeletal warrior
  9368 | D:9      | Noticed a skeletal warrior
  9369 | D:9      | Noticed a skeletal warrior
  9396 | D:8      | Killed a skeletal warrior
  9397 | D:8      | Reached skill level 10 in Fighting
  9397 | D:8      | Reached skill level 13 in Unarmed Combat
  9568 | D:8      | Reached XP level 11. HP: 45/99 MP: 10/10
  9668 | D:6      | Killed a skeletal warrior
 10104 | D:8      | Killed a skeletal warrior
 10331 | D:9      | Got a fine leather armour
 10708 | D:9      | Noticed a skeletal warrior
 10724 | D:9      | Killed a skeletal warrior
 10920 | D:9      | Reached skill level 14 in Unarmed Combat
 11094 | D:9      | Noticed Pikel
 11136 | D:8      | Killed Pikel
 11267 | D:9      | Found an iron altar of Okawaru.
 11383 | D:9      | Noticed Maggie
 11393 | D:9      | Killed Maggie
 11784 | D:10     | Entered Level 10 of the Dungeon
 12919 | D:10     | Found a portal to a secret trove of treasure.
 12940 | D:10     | Reached XP level 12. HP: 75/110 MP: 11/11
 13537 | D:11     | Noticed a boulder beetle
 13574 | D:11     | Killed a boulder beetle
 13852 | D:10     | Reached skill level 15 in Unarmed Combat
 14533 | D:11     | Found a staircase to the Lair.
 15274 | D:11     | Noticed a boulder beetle
 15278 | D:11     | Noticed a boulder beetle
 15720 | Lair:1   | Entered Level 1 of the Lair of Beasts
 15720 | Lair:1   | Noticed Joseph
 15729 | Lair:1   | Killed Joseph
 15980 | Lair:1   | Noticed an eight-headed hydra
 15984 | Lair:1   | Killed an eight-headed hydra
 15985 | Lair:1   | Reached skill level 5 in Armour
 16054 | Lair:1   | Noticed Harold
 16077 | Lair:1   | Killed Harold
 16233 | Lair:1   | Reached XP level 13. HP: 90/118 MP: 12/12
 16246 | Lair:1   | Reached skill level 16 in Unarmed Combat
 17723 | Lair:2   | Found a shimmering altar of Xom.
 19306 | Lair:3   | Found a staircase to the Swamp.
 19569 | Lair:3   | Reached skill level 17 in Unarmed Combat
 19828 | Lair:3   | Reached XP level 14. HP: 114/129 MP: 13/13
 20215 | Lair:3   | Reached skill level 10 in Shields
 20316 | Lair:4   | Found a staircase to the Snake Pit.
 22373 | Lair:5   | Identified the cursed +0 ring mail of the Beginning
                  | {Rampage rC+ Dex-5 Slay+2} (You found it on level 5 of the
                  | Lair of Beasts)
 22374 | Lair:5   | Identified the cursed +0 leather armour of Pan-Flutes {rF+
                  | Str+3} (You found it on level 9 of the Dungeon)
 22751 | D:11     | Noticed a fire giant
 22761 | D:11     | Killed a fire giant
 22767 | D:11     | Reached skill level 18 in Unarmed Combat
 23008 | D:11     | Got an iridescent battleaxe
 23205 | D:11     | Noticed a fire giant
 23205 | D:11     | Noticed a sphinx
 23218 | D:11     | Killed a fire giant
 23235 | D:11     | Killed a sphinx
 23575 | D:11     | Got a bronze ring mail
 23605 | D:11     | Noticed a tengu reaver
 23989 | D:12     | Reached XP level 15. HP: 137/137 MP: 14/14
 24646 | D:12     | Found a staircase to the Orcish Mines.
 25088 | D:12     | Reached skill level 1 in Evocations
 25212 | Orc:1    | Entered Level 1 of the Orcish Mines
 25212 | Orc:1    | Found Fushriguh's Antique Weapon Shop.
 25837 | Orc:1    | Noticed an orc warlord
 26268 | D:12     | Killed an orc warlord
 26630 | Orc:2    | Entered Level 2 of the Orcish Mines
 26904 | Orc:2    | Found a roughly hewn altar of Beogh.
 27084 | Orc:2    | Found a staircase to the Elven Halls.
 27213 | Orc:2    | Found a roughly hewn altar of Beogh.
 27226 | Orc:2    | Found Liacku's Armour Shoppe.
 27423 | Orc:2    | Found a roughly hewn altar of Beogh.
 27424 | Orc:2    | Found Caghit's Gadget Boutique.
 27474 | Orc:2    | Found a roughly hewn altar of Beogh.
 27559 | Orc:2    | Found a roughly hewn altar of Beogh.
 27719 | Orc:2    | Found a roughly hewn altar of Beogh.
 27873 | Orc:2    | Noticed an orc warlord
 27911 | Orc:2    | Killed an orc warlord
 28734 | Orc:2    | Found Veniex's Antique Armour Boutique.
 28734 | Orc:2    | Found a roughly hewn altar of Beogh.
 28736 | Orc:2    | Found Cuscheil's Antique Weapon Shop.
 28800 | Orc:2    | Bought a wand of paralysis (11) for 195 gold pieces
 28800 | Orc:2    | Bought a wand of paralysis (9) for 165 gold pieces
 28800 | Orc:2    | Bought a tin of tremorstones (2/2) for 600 gold pieces
 28800 | Orc:2    | Bought a box of beasts for 600 gold pieces
 28800 | Orc:2    | Bought a wand of paralysis (4) for 90 gold pieces
 28850 | Orc:2    | Bought a shimmering cloak for 218 gold pieces
 28860 | Orc:2    | Identified the +1 cloak of Toujeyrov {rC+ rN++ Int+2
                  | Stlth-} (You bought it in a shop on level 2 of the Orcish
                  | Mines)
 28902 | Orc:2    | Identified the +4 ring mail of Misanthropy {rElec rC++
                  | Int+3 Dex+4} (You found it on level 11 of the Dungeon)
 29280 | Orc:2    | Bought the ring "Wiskoga" {rElec rPois rF+ Str+2} for 663
                  | gold pieces
 29284 | Orc:2    | Bought a scroll of magic mapping for 94 gold pieces
 29284 | Orc:2    | Bought a scroll of teleportation for 81 gold pieces
 29667 | D:13     | Reached skill level 19 in Unarmed Combat
 29680 | D:13     | Noticed a tengu reaver
 29706 | D:13     | Killed a tengu reaver
 30273 | D:12     | Reached skill level 5 in Evocations
 30572 | D:13     | Reached XP level 16. HP: 136/147 MP: 15/15
 30878 | D:13     | Found a gate to the Vaults.
 30878 | D:13     | You fall into a shaft and drop 2 floors!
 30878 | D:15     | Entered Level 15 of the Dungeon
 31118 | D:14     | Noticed a tengu reaver
 31124 | D:14     | Killed a tengu reaver
 32466 | D:13     | Got an ichor-stained plate armour
 32477 | D:13     | Identified the +8 plate armour of Zolas {-Cast rPois Int+8}
                  | (You found it on level 13 of the Dungeon)
 32590 | D:14     | Noticed Josephine
 32603 | D:14     | Killed Josephine
 32706 | D:14     | Noticed Jorgrun
 32741 | D:14     | Killed Jorgrun
 33544 | D:15     | Reached skill level 10 in Armour
 33634 | D:15     | Reached skill level 15 in Fighting
 34152 | D:15     | Found a staircase to the Depths.
 34305 | D:15     | Reached XP level 17. HP: 145/156 MP: 16/16
 34654 | D:15     | Reached skill level 20 in Unarmed Combat
 35047 | Lair:6   | Entered Level 6 of the Lair of Beasts
 36175 | Lair:6   | Found a staircase to the Slime Pits.
 36903 | Snake:1  | Entered Level 1 of the Snake Pit
 36965 | Snake:1  | Found a frozen archway.
 36996 | IceCv    | Entered an ice cave
 38147 | IceCv    | Noticed an Ice Fiend
 38159 | IceCv    | Killed an Ice Fiend
 38949 | Snake:1  | Reached XP level 18. HP: 146/165 MP: 17/17
 39047 | Snake:1  | Noticed Kirke
 39088 | Snake:1  | Killed Kirke
 39163 | Snake:1  | Found a runed translucent door.
 39589 | Snake:1  | Reached skill level 10 in Evocations
 40242 | Snake:2  | Noticed Agnes
 40255 | Snake:2  | Killed Agnes
 40594 | Snake:2  | Reached skill level 21 in Unarmed Combat
 41653 | Snake:3  | Noticed Mara
 41774 | Snake:3  | Noticed nightchill's illusion
 41920 | Snake:3  | Noticed nightchill's illusion
 41924 | Snake:3  | Killed Mara
 41977 | Snake:3  | Found Xuogge's Distillery.
 41981 | Snake:3  | Bought 2 potions of heal wounds for 190 gold pieces
 41981 | Snake:3  | Bought a potion of might for 76 gold pieces
 41981 | Snake:3  | Bought a potion of cancellation for 152 gold pieces
 42045 | Snake:3  | Found Ulikh's Jewellery Boutique.
 43286 | Snake:3  | Reached XP level 19. HP: 172/172 MP: 18/18
 43760 | Swamp:1  | Entered Level 1 of the Swamp
 43780 | Swamp:1  | Noticed Frances
 43809 | Lair:3   | Killed Frances
 44247 | Swamp:1  | Noticed Aizul
 44277 | Swamp:1  | Killed Aizul
 46753 | Swamp:3  | Noticed Bai Suzhen
 46779 | Swamp:2  | Killed Bai Suzhen
 47886 | Snake:4  | Entered Level 4 of the Snake Pit
 48298 | Snake:4  | Reached skill level 22 in Unarmed Combat
 48668 | Snake:4  | Noticed Donald
 48679 | Snake:4  | Killed Donald
 49043 | Snake:4  | Noticed Vashnia
 49122 | Snake:4  | Killed Vashnia
 49585 | Snake:4  | Reached XP level 20. HP: 183/183 MP: 19/19
 49886 | Snake:4  | Got a serpentine rune of Zot
 50251 | Swamp:4  | Entered Level 4 of the Swamp
 51736 | Swamp:4  | Got a bloodstained plate armour
 51742 | Swamp:4  | Identified the +0 plate armour of Thoughtfulness {rCorr
                  | MP+9 Dex+3} (You found it on level 4 of the Swamp)
 52348 | Swamp:4  | Got a decaying rune of Zot
 52793 | Vaults:1 | Entered Level 1 of the Vaults
 53089 | Vaults:1 | Reached skill level 23 in Unarmed Combat
 53666 | Vaults:1 | Reached XP level 21. HP: 175/192 MP: 20/20
 54526 | Vaults:1 | Found Istros's Antique Weapon Boutique.
 56484 | Vaults:3 | Found Veoric's Distillery.
 56562 | Vaults:3 | Bought a potion of curing for 66 gold pieces
 56562 | Vaults:3 | Bought a potion of curing for 66 gold pieces
 56562 | Vaults:3 | Bought a potion of might for 88 gold pieces
 56562 | Vaults:3 | Bought a potion of ambrosia for 176 gold pieces
 56562 | Vaults:3 | Bought a potion of curing for 66 gold pieces
 56562 | Vaults:3 | Bought a potion of cancellation for 176 gold pieces
 56562 | Vaults:3 | Bought a potion of curing for 66 gold pieces
 56602 | Vaults:3 | Identified the +6 scale mail of Qare {Harm rElec Dex+4}
                  | (You found it on level 3 of the Vaults)
 56643 | Vaults:3 | Found Monicweud's Gadget Shoppe.
 56651 | Vaults:3 | Bought a phantom mirror for 800 gold pieces
 56677 | Vaults:3 | Noticed Frederick
 56685 | Vaults:3 | Killed Frederick
 56786 | Vaults:3 | Found Maocoxt's General Store.
 56829 | Vaults:3 | Bought a wand of digging (6) for 300 gold pieces
 57260 | Vaults:3 | Reached skill level 15 in Shields
 57271 | Vaults:3 | Reached skill level 24 in Unarmed Combat
 57530 | Vaults:3 | Found a staircase to the Crypt.
 57530 | Vaults:3 | Found a basalt altar of Yredelemnul.
 57531 | Vaults:3 | Found an ancient bone altar of Kikubaaqudgha.
 57565 | Vaults:3 | Found Nofeol's Magic Scroll Boutique.
 57573 | Vaults:3 | Bought a scroll of magic mapping for 38 gold pieces
 57573 | Vaults:3 | Bought a scroll of teleportation for 33 gold pieces
 57819 | Vaults:4 | Reached XP level 22. HP: 203/203 MP: 21/21
 58337 | Vaults:4 | Found Miekacog's Armour Shop.
 59120 | Vaults:4 | Identified Foapnig's Tome of Unholy Secrets
 59614 | Depths:1 | Entered Level 1 of the Depths
 59968 | Depths:1 | Found a gateway to Hell.
 61335 | Depths:1 | Found a gateway to a ziggurat.
 61811 | Depths:2 | Identified a scroll of acquirement
 61826 | Depths:2 | Acquired 867 gold pieces
 62417 | Depths:2 | Identified the cursed +1 scale mail of Inaction {SInv} (You
                  | found it on level 2 of the Depths)
 62945 | Depths:2 | Reached skill level 25 in Unarmed Combat
 62952 | Depths:2 | Reached XP level 23. HP: 201/213 MP: 22/22
 62996 | Depths:2 | Noticed a caustic shrike
 63019 | Depths:2 | Killed a caustic shrike
 63539 | Depths:3 | Noticed Xtahua
 63542 | Depths:3 | Noticed Nikola
 63628 | Depths:2 | Killed Xtahua
 64639 | Depths:3 | Found a one-way gate leading to the halls of Pandemonium.
 64673 | Depths:3 | Killed Nikola
 65167 | Depths:3 | Noticed a royal mummy
 65173 | Depths:3 | Killed a royal mummy
 65457 | Depths:4 | Reached skill level 15 in Armour
 65640 | Depths:4 | Identified the amulet "Jypianogg" {Inacc Dex+3} (You found
                  | it on level 4 of the Depths)
 65661 | Depths:4 | Reached skill level 1 in Dodging
 66023 | Depths:4 | Noticed a golden dragon
 66042 | Depths:4 | Killed a golden dragon
 66331 | Depths:4 | Noticed a golden dragon
 66337 | Depths:4 | Killed a golden dragon
 66481 | Depths:4 | Noticed an ancient lich
 66490 | Depths:4 | Killed an ancient lich
 66491 | Depths:4 | Reached XP level 24. HP: 208/223 MP: 22/22
 66494 | Depths:4 | Identified the cursed +1 great sword "Viwn" {antimagic,
                  | *Contam rF+ Str+4 Dex-3 Stlth+}
 66740 | Depths:5 | Entered Level 5 of the Depths
 67409 | Depths:5 | Reached skill level 26 in Unarmed Combat
 68365 | Depths:5 | Noticed Saint Roka
 68424 | Depths:5 | Killed Saint Roka
 69288 | Depths:5 | Cast into level 3 of the Abyss (white draconian knight)
 69652 | Depths:5 | Escaped the Abyss
 69677 | Depths:5 | Reached skill level 5 in Dodging
 70065 | Depths:5 | Found a gate to the Realm of Zot.
 70483 | Depths:5 | Identified the +1 troll leather armour of the Blessed Realm
                  | {Regen+ rCorr Str-5 Dex+4} (You found it on level 5 of the
                  | Depths)
 70711 | Depths:5 | Upgraded the game from 0.26.1-2-gb8aa6d0cf2 to
                  | 0.26.1-10-gdfb7c7de75
 71018 | Elf:1    | Entered Level 1 of the Elven Halls
 71182 | Elf:1    | Found Culol's Antique Weapon Shoppe.
 71225 | Elf:1    | Found Juisk's Distillery.
 71298 | Elf:1    | Bought a potion of invisibility for 128 gold pieces
 71298 | Elf:1    | Bought a potion of might for 64 gold pieces
 71587 | Elf:1    | Found a ruined gateway.
 71635 | Elf:1    | Found Axydyohe's Armour Boutique.
 71866 | Elf:1    | Reached XP level 25. HP: 226/232 MP: 22/22
 72809 | Elf:2    | Found a runed translucent gate.
 72815 | Elf:2    | Found a runed translucent gate.
 72815 | Elf:2    | Found a runed translucent gate.
 72981 | Elf:2    | Found Elimu's Antique Armour Boutique.
 73614 | Vaults:3 | Bought a scroll of acquirement for 572 gold pieces
 73614 | Vaults:3 | Acquired 517 gold pieces
 73972 | D:4      | Killed MalarOregon's ghost
 74405 | Vaults:5 | Entered Level 5 of the Vaults
 74662 | Vaults:5 | Identified the +6 dagger of Duty {speed, rElec Int-5 Dex+8
                  | SInv}
 74765 | Vaults:5 | Reached skill level 27 in Unarmed Combat
 74785 | Vaults:5 | Identified the amulet of Scepticism {RegenMP rC+ Will+
                  | Str+6}
 74840 | Vaults:5 | Identified the cursed +1 pearl dragon scales of Kehuegien
                  | {Rampage rF- rC+ rN+}
 75387 | Vaults:5 | Got a silver rune of Zot
 75455 | Vaults:5 | Identified the +4 dagger "Acoenan" {vamp, Dex+5}
 75461 | Vaults:5 | Reached XP level 26. HP: 222/244 MP: 22/22
 75668 | Vaults:5 | Identified the Compendium of the Wasteland
 75683 | Vaults:5 | Identified the ring of the Scarab {rC+ Dex+4 SInv} (You
                  | found it on level 5 of the Vaults)
 75739 | Vaults:5 | Identified the ring of Capid {Wiz rC- MP-9 Dex+8} (You
                  | found it on level 5 of the Vaults)
 76512 | Vaults:5 | Identified the Reference Book on Warped Poison
 76753 | Vaults:5 | Bought a scroll of identify for 26 gold pieces
 77257 | Slime:1  | Entered Level 1 of the Pits of Slime
 78025 | Slime:5  | Entered Level 5 of the Pits of Slime
 78072 | Slime:5  | Noticed the Royal Jelly
 78083 | Slime:5  | Killed the Royal Jelly
 78084 | Slime:5  | Reached skill level 10 in Dodging
 78466 | Slime:4  | Reached skill level 15 in Evocations
 79295 | Slime:5  | Found the cursed necklace of Bloodlust {*Rage +Rage Will++
                  | Int-3 Slay+6 *Curse}
 79301 | Slime:5  | Got a slimy rune of Zot
 79362 | Slime:5  | Got a warped sapphire amulet
 79363 | Slime:5  | Identified the amulet "Etsiol" {Spirit Str+2} (You found it
                  | on level 5 of the Pits of Slime)
 79392 | Slime:5  | Got a crude lapis lazuli ring
 79393 | Slime:5  | Identified the ring "Impuzonk" {rC+ EV+4 Str+3 SInv Stlth+}
                  | (You found it on level 5 of the Pits of Slime)
 79408 | Slime:5  | Identified the +6 ring mail of a Labyrinth {rElec Int+2
                  | Slay+3} (You found it on level 5 of the Pits of Slime)
 79434 | Slime:5  | Got a faintly glowing diamond amulet
 79445 | Slime:5  | Identified the amulet of Aduw {Regen+ Str+4} (You found it
                  | on level 5 of the Pits of Slime)
 80189 | D:4      | Voluntarily entered the Abyss.
 80318 | D:4      | Escaped the Abyss
 80336 | D:4      | Voluntarily entered the Abyss.
 80505 | Abyss:2  | Reached XP level 27. HP: 242/254 MP: 22/22
 80606 | Abyss:3  | Got a faintly humming plate armour
 80964 | Abyss:3  | Found a transporter.
 81035 | Abyss:3  | Found a transporter.
 81036 | Abyss:3  | Noticed an ancient lich
 81041 | Abyss:3  | Got an abyssal rune of Zot
 81049 | Abyss:3  | Killed an ancient lich
 81060 | D:4      | Escaped the Abyss
 81508 | Zot:1    | Entered Level 1 of the Realm of Zot
 81535 | Zot:1    | Got a sparkling graven amulet
 82344 | Zot:1    | Found the +4 dragonskin cloak
 82344 | Zot:1    | Noticed Tiamat
 83684 | Zot:1    | Killed Tiamat
 83974 | Zot:1    | Identified the cursed +0 plate armour of Maujon {*Drain rF+
                  | Dex+3 Stlth+} (You found it on level 3 of the Abyss)
 84616 | Zot:2    | Found a runed translucent door.
 84625 | Zot:2    | Found a shimmering altar of Xom.
 84625 | Zot:2    | Noticed Alunk's ghost (legendary GnFi)
 84626 | Zot:2    | Found the +12 Vampire's Tooth {vamp}
 84815 | Zot:2    | You fall into a shaft and drop 1 floor!
 85182 | Zot:2    | Acquired 1006 gold pieces
 85273 | Zot:2    | Noticed an orb of fire
 85284 | Zot:2    | Killed an orb of fire
 85376 | Zot:2    | Identified the amulet "Xummohom" {Reflect +Blink rN+ Str-2
                  | Int+3 SH+5} (You found it on level 1 of the Realm of Zot)
 86037 | Zot:3    | Found a transporter.
 86675 | Zot:3    | Noticed an orb of fire
 86679 | Zot:3    | Noticed an orb of fire
 86725 | Zot:3    | Found a transporter.
 88448 | Zot:5    | Entered Level 5 of the Realm of Zot
 91632 | Zot:5    | Noticed an orb of fire
 91633 | Zot:5    | Noticed an orb of fire
 91660 | Zot:5    | Noticed an ancient lich
 91679 | Zot:5    | Killed an orb of fire
 92030 | Zot:4    | Killed an orb of fire
 92700 | Zot:5    | Noticed an orb of fire
 92880 | Zot:5    | Killed an ancient lich
 92903 | Zot:5    | Got the Orb of Zot
 93606 | D:$      | Escaped with the Orb!

Illustrated notes

Levels and vault maps discovered:
D:1:      dpeg_arrival_long_road, layout_loops_ring
D:2:      layout_loops_cross, nicolae_overflow_hidden_temple,
          grunt_qazlal_clouds
D:3:      minmay_evil_eye, layout_loops_ring, vehumet_crystals,
          grunt_gozag_breadcrumbs, gammafunk_ghost_necromancy
D:4:      layout_loops_ring, cheibrodos_ashenzari_chains,
          minmay_temple_entry_antechambers, gammafunk_ghost_abyssal_escape,
          palyth_stone_intersect, uniq_duvessa
D:5:      layout_basic, kennysheep_mini_moat, minmay_quadrilaterals,
          uniq_menkaure
D:6:      layout_cave_pods
D:7:      layout_rooms, grunt_temple_overflow_champion_of_chaos,
          kennysheep_mini, gammafunk_temple_overflow_forgotten, tso_metal_star,
          serial_undead, serial_undead_a, serial_undead_c, serial_undead_e,
          serial_undead_b, kennysheep_nondescript, kennysheep_okawaru_gauntlet
D:8:      layout_basic, basic_altar, nicolae_ru_awakened_eye, uniq_gastronok,
          uniq_maurice
D:9:      layout_cave_pods, general_overflow_altar, due_unseen_surprise,
          uniq_maggie, uniq_pikel
D:10:     layout_gridville, nicolae_trove_entry_path_of_doom
D:11:     minmay_tearing_corner, layout_long_grid, david_lair_shrubbed,
          serial_bayou_lake_a
D:12:     layout_basic, orc_0_dummy, lemuel_statue_altar
D:13:     regret_index_harrowing_hell_hive, layout_small_grid, erik_vaults_2,
          serial_glass, glass_columns_c, glass_columns_a
D:14:     nzn_winding_woodlands_cross [nzn_winding_woodlands_5x15_split_checker,
          nzn_winding_woodlands_5x15_zeroes,
          nzn_winding_woodlands_5x15_river_crossing,
          nzn_winding_woodlands_5x15_eye, nzn_winding_woodlands_15x15_killbox],
          layout_stronghold, serial_park_square3 [serial_park_minivault_5x5_5],
          uniq_josephine, uniq_jorgrun
D:15:     grunt_enter_depths_giant_problem, layout_long_grid,
          chequers_serial_rivers_large_a
Lair:1:   layout_small_grid, grunt_megastairs_5, uniq_harold, uniq_joseph
Lair:2:   layout_roguey, basic_altar, hibernation_bobbens
Lair:3:   layout_misc_corridors, swamp_mist, special_room [special_room_bee],
          minmay_another_anthill, infiniplex_staircase_pool_2,
          grunt_megastairs_2, serial_bayou_shore_b
Lair:4:   layout_cave_pods, dummy_snake_entry, lemuel_fruit_tree
Lair:5:   layout_misc_corridors, minmay_lair_oklob_chamber, lemuel_fruit_fields,
          infiniplex_staircase_pool, grunt_megastairs_1
Lair:6:   evilmike_catoblepas_cave, layout_gridlike, minmay_slime_entry_eyes,
          grunt_megastairs_3
Swamp:1:  layout_basic_swamp, evilmike_swamp_ruin_rubble_2, uniq_frances,
          uniq_aizul
Swamp:2:  layout_basic_swamp, evilmike_swamp_ruin_rubble_1
Swamp:3:  layout_basic_swamp, nicolae_swamp_dense_foliage, swamp_pool1,
          uniq_bai_suzhen
Swamp:4:  swamp_vile, layout_basic_swamp
Snake:1:  layout_grid_shapes, portal_ice_cave_entry_frozen_things,
          lightli_airlock, uniq_kirke
Snake:2:  layout_cave_shapes, hangedman_snake_corridor_cut, uniq_agnes
Snake:3:  layout_layer_cave, serial_shops, shop, shop, uniq_mara
Snake:4:  grunt_snake_rune_pools, layout_gridlike,
          hangedman_snake_thin_pillar_pass, grunt_ministairs_10,
          grunt_megastairs_4, uniq_donald, uniq_vashnia
Slime:1:  layout_caves
Slime:2:  layout_caves
Slime:3:  layout_caves
Slime:4:  layout_caves
Slime:5
Orc:1:    layout_diamond_mine, serial_shops, shop
Orc:2:    grunt_orc_community_town_hall, layout_caves,
          grunt_orc_community_big_house_2, grunt_orc_community_big_house_1,
          grunt_orc_community_house_1, grunt_orc_community_house_2,
          grunt_orc_community_house_3, grunt_orc_community_house_1,
          grunt_orc_community_house_3
Elf:1:    eino_elf_arrival_sip, layout_geoelf_diagonals, serial_shops, shop,
          shop, nicolae_shop_waterfront, portal_desolation_entry_nicolae_slug,
          hangedman_elf_disciples, minmay_the_grid_2x2
          [minmay_the_grid_broken_lines, minmay_the_grid_empty,
          minmay_the_grid_eight, minmay_the_grid_prize_inner_circle]
Elf:2:    layout_gridlike, special_room [special_room_orc], serial_shops,
          nicolae_shop_overgrown_old_shop, minivault_25
Vaults:1: v_alt_pattern_1, nicolae_vaults_big_ls, nicolae_vaults_circle_grid_a,
          vaults_mumra_lcd, hangedman_vaults_trim,
          nicolae_vaults_network_periphery, hangedman_vaults_snaps,
          ontoclasm_vaults_pinch, v_misc_32, ontoclasm_vaults_tryst,
          vaults_mumra_minichess_inversion, ontoclasm_vaults_shuriken,
          vaults_dpeg_cross, v_misc_16, vaults_dpeg_ring, vaults_dpeg_diagonal,
          layout_vaults_omnibox, serial_shops, shop_coins
Vaults:2: v_misc_33, hangedman_vaults_stretched_pinwheel,
          grunt_vaults_hallway_long, v_misc_30, v_misc_26,
          nicolae_vaults_sealed_display, vaults_room_corners, vaults_dpeg_doors,
          nicolae_vaults_network_barrier, ontoclasm_vaults_gateway,
          nicolae_vaults_little_squares_3, v_misc_24, nicolae_vaults_theta,
          grunt_vaults_diagonal, grunt_vaults_hallway_short,
          layout_vaults_maze_bifur
Vaults:3: v_rooms_1, vaults_room_corners, v_misc_8, hangedman_vaults_slice,
          nicolae_vaults_alarming, vaults_room_fours,
          nicolae_vaults_specimen_jars, nicolae_vaults_windows_and_doors_thing,
          nicolae_vaults_rhombus_5, vaults_dpeg_encased_lava,
          layout_vaults_big_room, minmay_crypt_entry_necro_gods, serial_shops,
          shop, shop, shop, nicolae_shop_trees, uniq_frederick
Vaults:4: nicolae_vaults_network_quincunx
          [nicolae_vaults_network_quincunx_subvault,
          nicolae_vaults_network_quincunx_subvault,
          nicolae_vaults_network_quincunx_subvault,
          nicolae_vaults_network_quincunx_subvault,
          nicolae_vaults_network_quincunx_subvault], vaults_mumra_hexcomb,
          vaults_room_door_hall, v_misc_31, v_misc_1, ontoclasm_vaults_spin,
          ontoclasm_vaults_ring_small, serial_ice_b, layout_vaults_omnigrid,
          serial_shops, shop
Vaults:5
Depths:1: layout_gridlike, enter_ziggurat_d, dk_noncrumbling_3, hell_entry,
          chequers_decorated_corner, grunt_ministairs_13,
          statue_in_the_mist_lemuel, minmay_starry_boxes
Depths:2: minmay_slanted_spiral_squares, layout_gridlike, nrook_uturn,
          grunt_hell_entry_dis_mu
Depths:3: lemuel_minitomb, layout_cave_pools, pf_hell_entry_tar_river,
          solitary_fountain, pan_entry, infiniplex_staircase_zigzag_2,
          uniq_xtahua, uniq_nikola
Depths:4: minmay_octo_star, layout_cave_shapes, abyss_entry,
          hangedman_coc_ice_floe
Depths:5: lemuel_castle_with_subvaults [lemuel_castle_interior_carwin_3],
          layout_gridlike, lightli_too_deep, rand_demon_pan_entry_1,
          roderic_lattice_a, minivault_11, st_stairs_11, nrook_pool_corridor,
          minmay_misc_feat_tower, dpeg_stationary_puzzle, serial_bayou_shore_b,
          serial_bayou_shore_b, uniq_saint_roka
Zot:1:    layout_concentric_octagons, st_single_dragon_hoard_3, uniq_tiamat
Zot:2:    layout_basic, ebering_ghost_xom
Zot:3:    gammafunk_the_bubble [the_bubble_gammafunk_grid],
          layout_misc_corridors, lemuel_elevator
Zot:4:    layout_misc_corridors, lemuel_golem_globe
Zot:5:    layout_misc_corridors, st_stairs_3

Skill      XL: |  1  2  3  4  5  6  7  8  9 10 11 12 13 14 15 16 17 18 19 20 21 22 23 24 25 26 27 |
---------------+----------------------------------------------------------------------------------+-----
Unarmed Combat | 3 4 6 8 10 12 13 14 15 17 18 19 20 21 22 23 24 25 26 27 | 27.0
Fighting       | 4 5 6 7 9 10 11 12 13 14 15 16 17 18 19 20 21 24 | 24.9
Shields        | 3 5 6 7 8 9 10 11 12 13 14 15 16 17 18 21 | 21.3
Armour         | 3 5 7 8 9 10 11 12 13 14 15 | 15.0
Evocations     | 5 7 9 10 11 12 13 14 15 18 | 18.9
Dodging        | 2 5 8 10 | 10.0

Action                   |  1- 3 |  4- 6 |  7- 9 | 10-12 | 13-15 | 16-18 | 19-21 | 22-24 | 25-27 || total
-------------------------+-------+-------+-------+-------+-------+-------+-------+-------+-------++-------
Melee: Unarmed           |   116 |    85 |   400 |   628 |  1466 |  1549 |  1709 |  1769 |  2406 || 10128
Throw: Throwing net      |       |       |       |       |       |     4 |       |       |     1 ||     5
Invok: Potion Petition   |       |       |       |     2 |     1 |     1 |     8 |     2 |    13 ||    27
       Call Merchant     |       |       |       |       |     2 |       |       |     4 |     1 ||     7
       Bribe Branch      |       |       |       |       |       |       |       |       |     3 ||     3
Evoke: Wand              |       |       |     3 |    15 |     4 |    32 |     1 |       |     8 ||    63
       Condenser vane    |       |       |       |       |     2 |     4 |     3 |     4 |     8 ||    21
       Lightning rod     |       |       |       |       |     4 |       |     3 |       |     6 ||    13
       Tin of tremorston |       |       |       |       |     1 |     1 |     4 |       |     6 ||    12
       Box of beasts     |       |       |       |       |       |     1 |     3 |       |     2 ||     6
       Phial of floods   |       |       |       |       |       |       |     1 |       |       ||     1
       Phantom mirror    |       |       |       |       |       |       |     1 |     2 |     2 ||     5
  Use: Potion            |       |     1 |     2 |     4 |     1 |       |     2 |       |       ||    10
       Scroll            |       |       |     7 |    11 |    10 |    10 |    10 |    11 |    34 ||    93
 Stab: Distracted        |       |       |     1 |     1 |    10 |     8 |    14 |    10 |    15 ||    59
       Paralysed         |       |       |       |     3 |       |       |       |       |       ||     3
       Confused          |       |       |       |       |     1 |       |       |     1 |       ||     2
       Held in net/web   |       |       |       |       |       |     2 |       |       |     2 ||     4
       Invisible         |       |       |       |       |       |       |     1 |     1 |       ||     2
Armor: Scale mail        |    13 |       |       |       |       |       |       |       |       ||    13
       Ring mail         |    30 |    22 |    32 |       |    35 |    24 |       |       |       ||   143
       Plate armour      |       |       |    74 |   156 |   349 |   448 |   424 |   365 |   451 ||  2267
Dodge: Dodged            |    25 |    16 |    43 |    35 |   107 |   179 |   259 |   210 |   389 ||  1263
Block: Kite shield       |    35 |    30 |    67 |       |       |       |       |       |       ||   132
       Tower shield      |       |       |   158 |   480 |  1162 |  1379 |  1423 |  1051 |  1516 ||  7169
